 Dungeon Crawl Stone Soup version 0.21.0-3-g78d12a8 (webtiles) character file.

24 theanonym the Grave Robber (level 2, 0/23 HPs)
             Began as a Demigod Necromancer on Jan 14, 2018.
             Slain by a rat (1 damage)
             ... on level 2 of the Dungeon.
             The game lasted 00:02:05 (974 turns).

theanonym the Grave Robber (Demigod Necromancer)     Turns: 974, Time: 00:02:06

Health: 0/23       AC:  8    Str: 11    XL:     2   Next: 60%
Magic:  1/7        EV:  5    Int: 19    God:
Gold:   34         SH:  0    Dex: 16    Spells: 1/4 levels left

rFire    . . .     SeeInvis .   d - +0 club
rCold    . . .     Gourm    .   (no shield)
rNeg     . . .     Faith    .   f - +0 chain mail
rPois    .         Spirit   .   (no helmet)
rElec    .         Reflect  .   (no cloak)
rCorr    .         Harm     .   (no gloves)
MR       .....                  (no boots)
Stlth    ..........             (no amulet)
HPRegen  0.07/turn              (no ring)
MPRegen  0.10/turn              (no ring)

@: lethally poisoned (0 -> -2), slightly contaminated
A: high mp 1
a: no special abilities


Innate Abilities, Weirdness & Mutations

You have an increased reservoir of magic. (+10% MP)


   Skills:
 + Level 1.6 Fighting
 - Level 1.7 Dodging
 - Level 1.7 Stealth
 - Level 1.7 Spellcasting
 + Level 4.0 Necromancy


You had one spell level left.
You knew the following spells:

 Your Spells              Type           Power        Failure   Level  Hunger
a - Pain                  Necr           ###.         91%         1    #......
g - Blink                 Tloc           N/A          100%        2    ###....

Skill      XL: |  1  2 |
---------------+-------+-----
Fighting       | 1 |  1.6
Necromancy     | 4 |  4.0
Dodging        | |  1.7
Stealth        | |  1.7
Spellcasting   | |  1.7

Action                   || total
-------------------------++-------
Melee: Club              ||    22
       Unarmed           ||     3
 Cast: Pain              ||    16
Armor: Robe              ||     2
       Chain mail        ||    19
       Ring mail         ||     1
Dodge: Dodged            ||    20

Inventory:

Hand Weapons
 d - a +0 club (weapon)
   (You took it off a hobgoblin on level 1 of the Dungeon)
 m - a +0 dagger
   (You took it off a goblin on level 1 of the Dungeon)
Armour
 a - a +0 robe {0}
 f - a +0 chain mail (worn)
   (You found it on level 1 of the Dungeon)
 g - a +0 ring mail {7}
   (You found it on level 1 of the Dungeon)
Jewellery
 j - an uncursed ring of protection from magic {unknown}
   (You found it on level 1 of the Dungeon)
Scrolls
 c - 3 scrolls of identify {unknown}
 k - a scroll of noise {unknown}
 n - a scroll of immolation {unknown}
 p - a scroll of teleportation {unknown}
Potions
 h - a potion of mutation {unknown}
 i - a potion of flight {unknown}
 l - a potion of cancellation {unknown}
 o - a potion of haste {unknown}
 q - a potion of ambrosia {unknown}
Books
 b - a book of Necromancy
 r - a book of Minor Magic
   (You found it on level 2 of the Dungeon)
Comestibles
 e - 4 rations


You were on level 2 of the Dungeon.
You were hungry.

You visited 1 branch of the dungeon, and saw 2 of its levels.

You collected 34 gold pieces.

Dungeon Overview and Level Annotations

Branches:
Dungeon (2/15)

#.#####.##.#
#.#####.##.#
#..........#
#######.####
#.# #.# #.#
###
#.####.....
#..@r....#
########.#


You could see a rat.

Notes
Turn   | Place    | Note
-------+----------+-------------------------------------------
     0 | D:1      | theanonym the Demigod Necromancer began the quest for the Orb.
     0 | D:1      | Reached XP level 1. HP: 14/14 MP: 5/5
    20 | D:1      | HP: 6/14 [hobgoblin/club (3)]
   255 | D:1      | Reached skill level 1 in Fighting
   404 | D:1      | Reached XP level 2. HP: 23/23 MP: 5/7
   921 | D:2      | Learned a level 2 spell: Blink
   961 | D:2      | HP: 11/23 [poisoned by an adder]
   966 | D:2      | HP: 6/23 [adder (2)]
   971 | D:2      | Reached skill level 4 in Necromancy
   971 | D:2      | HP: 4/23 [poisoned by an adder]
   974 | D:2      | HP: 1/23 [rat (2)]
   974 | D:2      | Slain by a rat

Vanquished Creatures
  An adder (D:2)
  3 goblins (D:1)
  2 hobgoblins (D:1)
  2 kobolds (D:1)
  2 bats (D:1)
  A frilled lizard (D:1)
  4 rats (D:1)
15 creatures vanquished.

Table legend:
 A = Turns spent in this place as a percentage of turns spent in the entire game.
 B = Non-inter-level travel turns spent in this place as a percentage of non-inter-level travel turns spent in the entire game.
 C = Inter-level travel turns spent in this place as a percentage of turns spent in this place.
 D = Turns resting spent in this place as a percentage of non-inter-level travel turns spent in this place.
 E = Turns spent auto-exploring this place as a percentage of non-inter-level travel turns spent in this place.
 F = Non-inter-level travel turns spent in this place divided by the number of levels of this place that you've seen.
                   A       B       C       D       E      F
               +-------+-------+-------+-------+-------+----------------------
         Total | 100.0 | 100.0 |   7.2 |  33.1 |  52.9 | 452.0
       Dungeon | 100.0 | 100.0 |   7.2 |  33.1 |  52.9 | 452.0
               +-------+-------+-------+-------+-------+----------------------
